 Dungeon Crawl Stone Soup version 0.18.1-6-gd335043 (webtiles) character file.

140 imganon the Chopper (level 5, -4/67 HPs)
             Began as a Hill Orc Berserker on May 15, 2016.
             Was a Believer of Trog.
             Slain by Natasha (8 damage)
             ... on level 2 of the Dungeon.
             The game lasted 00:02:22 (1915 turns).

imganon the Chopper (Hill Orc Berserker)            Turns: 1915, Time: 00:02:22

Health: -4/67      AC:  2    Str: 26    XL:     5   Next: 22%
Magic:  5/5        EV: 12    Int:  7    God:    Trog [**....]
Gold:   52         SH:  0    Dex: 10    Spells: 0 memorised, 4 levels left

rFire  . . .     SeeInvis .     a - +0 hand axe
rCold  . . .     Gourm    .     b - +0 animal skin
rNeg   . . .     Faith    .     (no shield)
rPois  .         Spirit   .     (no helmet)
rElec  .         Dismiss  .     (no cloak)
rCorr  .         Reflect  .     (no gloves)
SustAt .         Harm     .     (no boots)
MR     .....                    (no amulet)
Stlth  ..........               (no ring)
                                (no ring)

@: berserking, very quick, not resistant to hostile enchantments, extremely
unstealthy
A: no striking features
a: Berserk, Trog's Hand, Burn Spellbooks, Renounce Religion


You were on level 2 of the Dungeon.
You worshipped Trog.
Trog was pleased with you.
You were hungry.

You visited 1 branch of the dungeon, and saw 2 of its levels.

You collected 52 gold pieces.

Inventory:

Hand Weapons
 a - a +0 hand axe (weapon)
Armour
 b - a +0 animal skin (worn)
Scrolls
 e - a scroll of remove curse {unknown}
 g - a scroll of random uselessness {unknown}
 h - a scroll of blinking {unknown}
 j - a scroll of identify {unknown}
Comestibles
 c - a bread ration
 d - 2 meat rations
 f - 2 beef jerkies
 i - 2 chunks of flesh


   Skills:
 - Level 3.6 Fighting
 + Level 7.6 Axes
 - Level 2.1 Armour
 - Level 1.5 Dodging


You had 4 spell levels left.
You didn't know any spells.

Dungeon Overview and Level Annotations

Branches:
Dungeon (2/15)

Altars:

Annotations:
D:2 Natasha


Message History

A magic dart appears from out of thin air!
The magic dart hits you!
* * * LOW HITPOINT WARNING * * *
Unknown command.
A red film seems to cover your vision as you go berserk!
You feel yourself moving faster!
You feel mighty!
You are feeling hungry.
You hear some strange, mumbled words.
Something tries to affect you, but you resist.
You miss something. You miss something. Something claws you.
* * * LOW HITPOINT WARNING * * *
You closely miss something. You closely miss something. Something claws you.
* * * LOW HITPOINT WARNING * * *
You miss something. Something claws you.
* * * LOW HITPOINT WARNING * * *
You hit something. You closely miss something. Something claws you!
You die...

........##.# #.......#.####..##
...........# #.#.#####.#.......
.........#.#####.#.....#.#.....##
...................###.#.#...#.#
######'##..#####.#.# #.#.#.#.#.#
...............#.#.###.#.....#.#
######.##..###......##.###.###.##
#....#.##..#.....#..##.###.###...
................@#..#............
....##.###.#...#†#...........####
....+......#####.#...........#
....##..... ..#....(......#
....######## #####.........#
............ ...........#
############ #...........#
#####....# #.#.........#
......##.# #.#.........#


There were no monsters in sight!

Vanquished Creatures
  Ijyb (D:2)
  Natasha (D:2)
  5 adders (D:2)
  2 worms (D:2)
  A giant gecko (D:1)
  A ball python (D:1)
  5 goblins
  4 hobgoblins
  3 jackals (D:1)
  5 bats
  6 giant newts
  5 kobolds (D:1)
  8 rats
47 creatures vanquished.

Notes
Turn   | Place    | Note
--------------------------------------------------------------
     0 | D:1      | imganon the Hill Orc Berserker began the quest for the Orb.
     0 | D:1      | Reached XP level 1. HP: 19/19 MP: 1/1
   184 | D:1      | Reached XP level 2. HP: 19/26 MP: 2/2
   243 | D:1      | Reached skill level 5 in Axes
   679 | D:2      | Reached XP level 3. HP: 31/31 MP: 3/3
   701 | D:2      | Reached ** piety under Trog
   744 | D:2      | Noticed Natasha
   751 | D:2      | Killed Natasha
   751 | D:2      | Reached skill level 6 in Axes
   882 | D:2      | Reached XP level 4. HP: 18/39 MP: 4/4
  1068 | D:2      | Noticed Ijyb
  1081 | D:2      | Killed Ijyb
  1095 | D:2      | Reached skill level 7 in Axes
  1351 | D:2      | Reached XP level 5. HP: 26/45 MP: 5/5
  1896 | D:2      | Noticed Natasha
  1915 | D:2      | Slain by Natasha

Skill      XL: |  1  2  3  4 |
---------------+-------------+-----
Axes           | 5 6 7 |  7.6
Fighting       | |  3.6
Armour         | |  2.1
Dodging        | |  1.5

Action                   |  1- 3 |  4- 6 || total
-------------------------+-------+-------++-------
Melee: Hand axe          |    98 |    72 ||   170
Invok: Berserk           |       |     2 ||     2
  Eat: Chunk             |       |     4 ||     4
Armor: Animal skin       |    14 |     6 ||    20
Dodge: Dodged            |    73 |    31 ||   104
